 Dungeon Crawl Stone Soup version 0.31-a0-986-g5e6e4ef867 (webtiles) character file.

Game seed: 7916741315602917659

6465 monsoonserge the Grappler (level 10, -4/78 HPs)
             Began as a White Draconian Shapeshifter on Nov 17, 2023.
             Was a Believer of Wu Jian.
             Slain by an orc warrior
             ... wielding a +0 trident
              (9 damage)
             ... in a bailey on Nov 18, 2023.
             The game lasted 00:28:49 (8675 turns).

monsoonserge the Grappler (DrSh)                    Turns: 8675, Time: 00:28:49

Health: -4/78      AC:  7    Str: 20    XL:     10   Next: 68%
Magic:  10/10      EV: 18    Int: 12    God:    Wu Jian [**....]
Gold:   287        SH:  0    Dex: 10    Spells: 9/9 levels left

rFire   . .          .
                       - Unarmed
rCold   + . .        (shield currently unavailable)
rNeg    . . .        (body armour unavailable)
rPois   .            (helmet restricted)
rElec   .            (no cloak)
rCorr   +            (no gloves)
SInv    .            (no boots)
Will    .....        (no amulet)
Stlth   +            e - +5 ring of evasion
HPRegen 0.33/turn    f - ring of resist corrosion
MPRegen 0.12/turn

%: no passive effects
@: flux-form, glowing
A: glow, contaminating, breathe frost, AC +7, unfitting armour, cold resistance
1, cold-blooded
a: Breathe Frost, Begin Untransformation, Renounce Religion, Wall Jump


You were in a bailey.
You worshipped Wu Jian.
Wu Jian was pleased with you.
You were something dangerously unstable.
You visited 2 branches of the dungeon, and saw 10 of its levels.
You also visited: Bailey.

You collected 665 gold pieces.
You spent 378 gold pieces at shops.

Inventory:

Hand Weapons
 M - a +5 sling
Missiles
 h - 3 silver javelins
 i - 20 poisoned darts
 J - 5 curare-tipped darts
 K - 6 boomerangs
 O - 3 javelins
Armour
 s - a +0 tower shield
 B - a +0 cloak
Magical Staves
 r - a staff of poison
Jewellery
 e - a +5 ring of evasion (left hand)
 f - a ring of resist corrosion (right hand)
Talismans
 b - a beast talisman
 c - a flux talisman (active)
 u - a maw talisman
Wands
 z - a wand of mindburst (8)
 D - a wand of acid (17)
 N - a wand of flame (25) (quivered)
Scrolls
 a - a scroll of torment
 k - 2 scrolls of enchant weapon
 m - 3 scrolls of poison {unknown}
 n - 5 scrolls of teleportation
 q - 2 scrolls of amnesia
 v - a scroll of blinking {unknown}
 w - 2 scrolls of silence
 y - 3 scrolls of acquirement {unknown}
 A - a scroll of revelation
 C - a scroll of immolation {unknown}
 E - 2 scrolls of summoning
 F - a scroll of enchant armour
 H - a scroll of fear
Potions
 d - a potion of attraction {unknown}
 g - a potion of brilliance {unknown}
 j - a potion of invisibility {unknown}
 l - a potion of curing
 o - a potion of haste {unknown}
 p - 3 potions of heal wounds
 t - a potion of magic {unknown}
 x - a potion of resistance {unknown}
 G - a potion of enlightenment {unknown}
 I - a potion of cancellation {unknown}
 L - a potion of mutation {unknown}


   Skills:
 + Level 3.9 Fighting
 + Level 0.1 Throwing
 + Level 6.3 Dodging
 - Level 1.0 Stealth
 + Level 11.9 Unarmed Combat
 + Level 1.2 Evocations
 * Level 8.4 Shapeshifting


You had 9 spell levels left.
You didn't know any spells.
Your spell library contained the following spells:

 Spells                   Type           Power      Damage    Failure   Level
 Slow                     Hex            0%         N/A       32%         1
 Sting                    Tmut/Pois      0%         1d3       32%         1
 Poisonous Vapours        Pois/Air       0%         N/A       45%         2
 Static Discharge         Conj/Air       0%         3-3/arc   45%         2
 Confusing Touch          Hex            0%         N/A       69%         3
 Inner Flame              Hex/Fire       0%         N/A       69%         3
 Sigil of Binding         Hex            0%         N/A       69%         3
 Vampiric Draining        Necr           0%         2d6       69%         3
 Airstrike                Air            0%         2d(0-16)  97%         4
 Leda's Liquefaction      Hex/Erth       0%         N/A       97%         4
 Olgreb's Toxic Radiance  Pois           0%         N/A       97%         4
 Summon Lightning Spire   Summ/Air       0%         N/A       97%         4
 Lee's Rapid Deconstruct  Erth           0%         3d4*      100%        5
 Yara's Violent Unravell  Hex/Tmut       0%         3d3       100%        5
 Bombard                  Conj/Erth      0%         9d1       100%        6
 Enfeeble                 Hex            0%         N/A       100%        7


Dungeon Overview and Level Annotations

Branches:
Dungeon (9/15)             Temple (1/1) D:6          Bailey (1/1)
   Lair: D:8-11         Orc: D:9-12

Altars:
Ashenzari
Cheibriados
Dithmenos
Elyvilon
Fedhas
Gozag
Hepliaklqana
Kikubaaqudgha
Makhleb
Nemelex Xobeh
Okawaru
Qazlal
Ru
Sif Muna
Trog
Uskayaw
Vehumet
Wu Jian
Xom
Yredelemnul
Zin
The Shining One

Shops:
D:6 ?

Annotations:
D:5 dig for ?ID, enchant armor


Innate Abilities, Weirdness & Mutations

You are something dangerously unstable.
You glow with magical radiation, making you easy to see and hit.
Foes you strike become dangerously contaminated with magical radiation.
You are incapable of wielding weapons or throwing items.
You can breathe waves of freezing cold which knock back foes.
Your icy white scales are hard. (AC +7)
You cannot fit into any form of body armour.
Your flesh is cold resistant. (rC+)
You are cold-blooded and may be slowed by cold attacks.


Message History

The orc warrior hits you from afar with a +0 trident.
The orc warrior closely misses you.
Unknown command.
You completely miss the orc warrior.
The orc warrior stops glowing.
The orc warrior barely misses you. The orc warrior closely misses you.
You barely miss the orc warrior. The orc warrior closely misses you.
You punch the orc warrior!
The orc warrior begins to glow.
The orc warrior is moderately wounded.
The orc warrior barely misses you.
The orc warrior hits you from afar with a +0 trident.
You hit the orc warrior.
The orc warrior glows dangerously bright.
Your tail-slap misses the orc warrior.
The orc warrior is moderately wounded.
The orc warrior barely misses you.
You hit the orc warrior but do no damage.
The orc warrior shudders as magic cascades through it.
The orc warrior twists and deforms.
The orc warrior is moderately wounded.
The orc warrior hits you from afar with a +0 trident!
* * * LOW HITPOINT WARNING * * *
The orc warrior closely misses you.
You hit the orc warrior.
The orc warrior begins to glow.
The orc warrior is heavily wounded.
The orc warrior barely misses you.
You completely miss the orc warrior. You tail-slap the orc warrior.
The orc warrior is severely wounded.
The orc warrior hits you with a +0 halberd!
* * * LOW HITPOINT WARNING * * *
The orc warrior barely misses you.
You punch the orc warrior!
You kill the orc warrior!
The Council accepts your kill.
The orc warrior hits you from afar with a +0 trident.
* * * LOW HITPOINT WARNING * * *
You lunge at the orc warrior.
You punch the orc warrior!
The orc warrior begins to glow.
The orc warrior is severely wounded.
The orc warrior hits you with a +0 trident!
You die...

#.≈))).≈..∩∩∩.....≈...≈#
#.≈.≈≈.≈..⌠.⌠..≈≈.≈...≈#
#.≈≈.≈.≈≈≈...≈≈≈.≈≈..≈≈#
##.≈.≈≈.)≈≈≈≈≈..≈≈..⌠≈≈#
#.≈≈.≈≈≈.....≈≈≈...≈≈##
#..≈≈..≈≈≈≈≈≈≈....≈≈##
#.⌠.≈≈≈.......≈≈..≈##
##....≈≈≈≈≈≈≈≈≈...≈#
#####......po)...≈#
..⌠##########'####
..o......))......#
.........)......##
≈≈≈≈≈≈≈≈≈≈≈≈≈≈≈##
################


You could see an orc warrior (contam).

Vanquished Creatures
  A death yak (D:9)
  Joseph (D:7)
  The ghost of Tollund the Grasshopper, a novice GnWr of Lugonu (D:4)
  Maggie (D:7)
  Jeremiah (D:8)
  A hornet (D:7)
  A yak (D:9)
  Grum (D:8)
  A steam dragon (D:7)
  2 acid dragons (D:9)
  A water moccasin (D:5)
  4 orc warriors
  6 ice beasts
  2 black bears (D:7)
  3 wolves (D:7)
  An ogre (D:4)
  A centaur (Bailey)
  2 phantoms
  3 kobold brigands (D:7)
  4 bullfrogs
  3 scorpions
  3 wights (D:6)
  3 killer bees (D:7)
  A howler monkey (D:5)
  3 hounds
  A jelly (D:7)
  6 orc priests
  3 sleepcaps
  A gnoll bouda (D:6)
  7 iguanas
  4 orc wizards
  A statue (D:4)
  12 gnolls
  13 adders
  A shadow imp (D:7)
  2 white imps
  A howler monkey simulacrum (D:9)
  2 ufetubi (D:5)
  2 worms
  3 dart slugs
  37 orcs
  14 ball pythons
  14 endoplasms
  3 giant cockroaches
  9 goblins
  13 hobgoblins
  2 jackals (D:1)
  25 kobolds
  5 quokkas
  6 bats
  5 frilled lizards
  7 rats
250 creatures vanquished.

Notes
Turn   | Place    | Note
-------+----------+-------------------------------------------
     0 | D:1      | monsoonserge the Draconian Shapeshifter began the quest for
                  | the Orb.
     0 | D:1      | Reached XP level 1. HP: 16/16 MP: 1/1
     3 | D:1      | Noticed an electric eel
     6 | D:1      | Noticed an electric eel
    64 | D:1      | Reached XP level 2. HP: 23/23 MP: 2/2
   317 | D:1      | Reached XP level 3. HP: 21/28 MP: 3/3
   531 | D:2      | Found a faded altar of an unknown god.
   635 | D:2      | Found a hide-covered altar of Uskayaw.
  1040 | D:2      | Reached XP level 4. HP: 35/35 MP: 4/4
  1196 | D:3      | Found a blossoming altar of Fedhas.
  1376 | D:3      | Reached skill level 4 in Unarmed Combat
  1391 | D:3      | Reached XP level 5. HP: 17/40 MP: 5/5
  1685 | D:3      | Reached skill level 5 in Unarmed Combat
  2067 | D:4      | Found a hide-covered altar of Uskayaw.
  2076 | D:4      | Reached XP level 6. HP: 40/48 MP: 6/6
  2088 | D:4      | Found a shadowy altar of Dithmenos.
  2384 | D:4      | Found a radiant altar of Vehumet.
  2405 | D:4      | Reached skill level 1 in Stealth
  2409 | D:4      | Noticed an ice beast
  2501 | D:4      | Reached skill level 6 in Unarmed Combat
  2618 | D:4      | Found a runed translucent door.
  2619 | D:4      | Noticed Tollund's ghost (novice GnWr)
  2629 | D:4      | Your scales start taking on an icy white colour.
  2629 | D:4      | Reached XP level 7. HP: 55/55 MP: 7/7
  2629 | D:4      | Gained mutation: Your flesh is cold resistant. (rC+) [White
                  | Draconian growth]
  2689 | D:4      | Identified the +3 ring mail "Jettog" {Str+4 Slay+3}
  3017 | D:4      | Reached skill level 7 in Unarmed Combat
  3052 | D:5      | Entered Level 5 of the Dungeon
  3104 | D:5      | Identified the +1 leather armour "Otyogisa" {Str+3}
  3590 | D:5      | Reached XP level 8. HP: 56/61 MP: 8/8
  3809 | D:5      | Found a glowing silver altar of Zin.
  4153 | D:6      | Found Qytutz's Magic Scroll Boutique.
  4159 | D:6      | Bought a scroll of summoning for 133 gold pieces
  4248 | D:6      | Reached skill level 5 in Shapeshifting
  4258 | D:6      | Reached skill level 8 in Unarmed Combat
  4511 | D:6      | Bought 2 scrolls of fear for 112 gold pieces
  4860 | D:6      | Found a staircase to the Ecumenical Temple.
  4939 | Temple   | Entered the Ecumenical Temple
  4947 | Temple   | Became a worshipper of the Wu Jian Council
  5327 | D:7      | Reached skill level 9 in Unarmed Combat
  5365 | D:7      | Reached XP level 9. HP: 52/68 MP: 9/9
  5641 | D:7      | Found a snail-covered altar of Cheibriados.
  5771 | D:7      | Found a bloodstained altar of Trog.
  5789 | D:7      | Reached skill level 5 in Dodging
  5789 | D:7      | Reached skill level 10 in Unarmed Combat
  6048 | D:7      | Noticed Maggie
  6056 | D:7      | Killed Maggie
  6217 | D:7      | Noticed Joseph
  6236 | D:7      | Killed Joseph
  6237 | D:7      | Reached skill level 1 in Evocations
  6832 | D:8      | Noticed Grum
  6978 | D:7      | Reached skill level 11 in Unarmed Combat
  7119 | D:7      | Reached XP level 10. HP: 77/77 MP: 10/10
  7122 | D:8      | Noticed Jeremiah
  7127 | D:8      | Killed Grum
  7136 | D:7      | Reached * piety under Wu Jian
  7266 | D:8      | Killed Jeremiah
  7899 | D:6      | Bought a scroll of silence for 133 gold pieces
  8059 | D:4      | Killed Tollund's ghost
  8314 | D:9      | Noticed a death yak
  8329 | D:9      | Killed a death yak
  8411 | D:9      | Found a flagged portal.
  8495 | Bailey   | Entered a bailey
  8650 | Bailey   | Reached ** piety under Wu Jian
  8664 | Bailey   | HP: 1/78 [orc warrior/+0 halberd (14)]
  8675 | Bailey   | Slain by an orc warrior

Illustrated notes

Levels and vault maps discovered:
D:1:      arrival_aquarium_b, layout_rooms, nicolae_wormholes
D:2:      layout_basic, shapermc_ecumenical_altar_gd, basic_altar,
          minmay_misc_feat_plants, kennysheep_potato
D:3:      layout_rooms, fedhas_altar_3, minmay_guardbox
D:4:      minmay_evil_eye, layout_basic, vehumet_statue,
          mainiacjoe_overflow_large_starburst, gammafunk_ghost_grave,
          minmay_fractal_squares_diagonal_5
D:5:      layout_basic, zin_scriptorium
D:6:      layout_loops_ring, minmay_temple_entry_sparse_star,
          grunt_decor_junction, nicolae_stop_n_shop_1
D:7:      layout_loops_cross, lemuel_round_altar, trog_ov_bears_minmay,
          grunt_decor_one_mirror, eino_tiny_chamber, uniq_joseph, uniq_maggie
D:8:      layout_rooms, kennysheep_generic_room_13, uniq_grum, uniq_jeremiah
D:9:      layout_roguey [special_room_orc], david_orc_3, serial_ice,
          serial_ice_h, serial_ice_g, serial_ice_c, serial_ice_f, serial_ice_b,
          enter_bailey_4
Temple:   nicolae_temple_bog_church
Bailey:   bailey_polearm_flooded_kennysheep, bailey

Skill      XL: |  1  2  3  4  5  6  7  8  9 10 |
---------------+-------------------------------+-----
Dodging        | 2 3 4 5 6 |  6.3
Unarmed Combat | 4 5 6 7 9 11 | 11.9
Fighting       | 2 3 |  3.9
Stealth        | 1 |  1.0
Shapeshifting  | 4 6 7 8 |  8.4
Evocations     | 1 |  1.2
Throwing       | |  0.1

Action                     |  1- 3 |  4- 6 |  7- 9 | 10-12 || total
---------------------------+-------+-------+-------+-------++-------
  Melee: Unarmed           |   126 |   186 |   342 |   195 ||   849
         Punch             |     5 |     3 |    14 |       ||    22
         Tailslap          |    11 |    18 |    48 |    32 ||   109
  Throw: Dart              |       |     4 |       |       ||     4
         Javelin           |       |     1 |       |       ||     1
Ability: Breathe Frost     |       |       |     2 |       ||     2
         Lunge             |       |       |     5 |    22 ||    27
         Whirlwind         |       |       |       |    18 ||    18
  Evoke: Wand              |       |       |     7 |     1 ||     8
    Use: Potion            |       |     1 |     2 |     2 ||     5
         Scroll            |       |       |     2 |     6 ||     8
   Stab: Sleeping          |       |     3 |     2 |       ||     5
 Armour: Skin              |    42 |    73 |   165 |    87 ||   367
  Dodge: Dodged            |    95 |   144 |   286 |   143 ||   668
   Form: Flux              |       |       |     1 |       ||     1

Table legend: (Time is in decaauts)
 A = Elapsed time spent in this place.
 B = Non-inter-level travel time spent in this place.
 C = Inter-level travel time spent in this place.
 D = Time resting spent in this place.
 E = Time spent auto-exploring this place.
 F = Levels seen in this place.
 G = Mean time per level.
                   A        B        C        D        E       F      G
               +--------+--------+--------+--------+--------+-----+--------+
         Total |   8580 |   7986 |    594 |   1102 |   4024 |  11 |  780.0 |
       Dungeon |   8394 |   7807 |    587 |   1092 |   4018 |   9 |  932.7 |
        Temple |     16 |      9 |      7 |      0 |      0 |   1 |   16.0 |
        Bailey |    169 |    169 |      0 |     10 |      6 |   1 |  169.0 |
               +--------+--------+--------+--------+--------+-----+--------+

Top non-repeatable levels by time:
     D:7: 1883 daAuts
     D:4: 1231 daAuts
     D:5: 1186 daAuts
     D:6: 1051 daAuts
     D:3: 824 daAuts
     D:8: 737 daAuts
     D:2: 669 daAuts
     D:1: 509 daAuts
     D:9: 300 daAuts
  Bailey: 169 daAuts
  Temple: 16 daAuts
